 Dungeon Crawl Stone Soup version 0.26-a0-812-g31a745ddcd (webtiles) character file.

Game seed: 17058893361275318892

2787 funkygono the Destroyer (level 9, 0/68 HPs)
             Began as a Black Draconian Conjurer on Nov 23, 2020.
             Was a Priest of Sif Muna.
             Succumbed to a killer bee's poison
             ... on level 7 of the Dungeon.
             The game lasted 00:18:39 (9160 turns).

funkygono the Destroyer (Black Draconian Conjurer)  Turns: 9160, Time: 00:18:40

Health: 0/68       AC: 10    Str: 10    XL:     9   Next: 43%
Magic:  19/19      EV: 13    Int: 21    God:    Sif Muna [***...]
Gold:   440        SH:  0    Dex: 10    Spells: 15/22 levels left

rFire    . . .     SeeInvis .   i - +3 dire flail
rCold    . . .     Faith    .   (shield currently unavailable)
rNeg     . . .     Spirit   .   (armour unavailable)
rPois    .         Reflect  .   (helmet restricted)
rElec    +         Harm     .   (no cloak)
rCorr    .         Rampage  .   n - +2 pair of gloves
MR       +....                  (no boots)
Stlth    ++........             (no amulet)
HPRegen  0.21/turn              l - ring of protection from magic
MPRegen  0.16/turn              (no ring)

@: lethally poisoned (0 -> -23)
A: breathe lightning, unfitting armour, electricity resistance, cold-blooded, AC
+7
a: Breathe Lightning, Channel Magic, Forget Spell, Renounce Religion


You were on level 7 of the Dungeon.
You worshipped Sif Muna.
Sif Muna was most pleased with you.
You visited 1 branch of the dungeon, and saw 7 of its levels.

You collected 440 gold pieces.

Inventory:

Hand Weapons
 d - a +1 club
 i - a +3 dire flail (weapon)
Armour
 n - a +2 pair of gloves (worn)
Jewellery
 l - a ring of protection from magic (left hand)
Wands
 h - a wand of iceblast (5)
 r - a wand of digging (3)
Scrolls
 a - 2 scrolls of blinking
 b - 3 scrolls of teleportation
 f - 4 scrolls of remove curse
 k - 2 scrolls of fear
 s - a scroll of identify
Potions
 c - a potion of heal wounds
 e - 2 potions of lignification
 g - 2 potions of mutation
 j - a potion of magic
 m - 2 potions of flight
 o - a potion of might
 q - 2 potions of brilliance


   Skills:
 + Level 2.4 Fighting
 + Level 2.3 Maces & Flails
 + Level 4.4 Dodging
 + Level 3.3 Stealth
 + Level 7.2 Spellcasting
 + Level 8.6 Conjurations
 + Level 3.0 Translocations


You had 15 spell levels left.
You knew the following spells:

 Your Spells              Type           Power        Failure   Level
a - Magic Dart            Conj           ####         1%          1
b - Searing Ray           Conj           #####.       1%          2
c - Iskenderun's Mystic   Conj/Tloc      ####....     8%          4

Your spell library contained the following spells:

 Spells                   Type           Power        Failure   Level
 Apportation              Tloc           ###...       2%          1
 Dazzling Flash           Conj/Hex       ####..       4%          3
 Animate Skeleton         Necr           #.....       9%          1
 Corona                   Hex            #......      9%          1
 Summon Small Mammal      Summ           #...         9%          1
 Fulminant Prism          Conj/Hex       ####......   14%         4


Dungeon Overview and Level Annotations

Branches:
Dungeon (7/15)             Temple (0/1) D:5

Altars:
Ashenzari
Cheibriados
Fedhas
Gozag
Makhleb
Nemelex Xobeh
Ru
Sif Muna
Xom
Yredelemnul
Zin


Innate Abilities, Weirdness & Mutations

You can breathe wild blasts of lightning.
Your glossy black scales are hard. (AC +7)
You cannot fit into any form of body armour.
You are resistant to electric shocks. (rElec)
You are cold-blooded and may be slowed by cold attacks.


Message History

You feel less confused.
* * * LOW HITPOINT WARNING * * *
You feel sick. The killer bee misses you.
The killer bee stings you but does no damage.
Unknown command.
Casting: Searing Ray (safe; 1% risk of failure)
Confirm with . or Enter, or press ? or * to list all spells.
Aiming: Magic Dart (safe; 1% risk of failure)
Press: ? - help, Shift-Dir - straight line, f - killer bee
Aim: a killer bee (severely wounded)
The magic dart hits the killer bee.
The killer bee is almost dead.
* * * LOW HITPOINT WARNING * * *
You feel sick. The killer bee closely misses you.
The killer bee barely misses you. The killer bee closely misses you.
The killer bee barely misses you.
Unknown command.
You miss the killer bee.
Your tail-slap misses the killer bee.
The killer bee is almost dead.
You die...

##....#.........##.........######
....#####...#### ###........#....
###.# #......# #...#..#......
#..# ##..>..## #†#.....##....
##.## #.......# #.#.#.#.##....
#.)# #.......# #...#.#..#....
...# #.......# ##....##.#....
.)## ##......#####...........
...########.<...@y..##..##.######
.#...............y............
.########.....................#
.# ##.......######.......# .#
##.....## #.......# ## ##...##
#.......# ##### #.......# #######


You could see 2 killer bees.

Vanquished Creatures
  A vampire mosquito (D:7)
  An ice beast (D:5)
  An orc warrior (D:7)
  2 black bears (D:6)
  A sky beast (D:7)
  An ogre (D:6)
  2 centaurs (D:6)
  A big kobold (D:5)
  3 bullfrogs
  A water moccasin skeleton (D:5)
  A scorpion (D:5)
  2 killer bees (D:7)
  5 wights (D:6)
  4 howler monkeys
  A bullfrog zombie (D:6)
  A jelly (D:7)
  A bullfrog skeleton (D:5)
  3 hounds
  13 orc wizards
  5 orc priests
  4 iguanas
  3 worker ants
  A worker ant zombie (D:6)
  4 gnolls (D:6)
  8 adders
  2 shadow imps
  An adder zombie (D:7)
  3 adder skeletons
  2 worms
  2 leopard geckos (D:3)
  42 orcs
  2 ball pythons
  4 giant cockroaches
  6 goblins
  7 hobgoblins
  9 jackals
  A quokka (D:4)
  9 bats
  4 frilled lizards
  9 kobolds
  2 quokka zombies (D:6)
  3 rats
178 creatures vanquished.

Notes
Turn   | Place    | Note
-------+----------+-------------------------------------------
     0 | D:1      | funkygono the Draconian Conjurer began the quest for the
                  | Orb.
     0 | D:1      | Reached XP level 1. HP: 14/14 MP: 3/3
   611 | D:1      | Reached XP level 2. HP: 15/20 MP: 0/5
   904 | D:1      | Learned a level 2 spell: Searing Ray
  1526 | D:2      | Found a shimmering altar of Xom.
  1654 | D:2      | Reached XP level 3. HP: 26/26 MP: 2/6
  2116 | D:3      | Reached skill level 5 in Conjurations
  2417 | D:3      | Reached XP level 4. HP: 33/33 MP: 2/7
  2425 | D:3      | Learned a level 4 spell: Iskenderun's Mystic Blast
  2566 | D:3      | Found a glowing silver altar of Zin.
  2628 | D:3      | Found a shimmering blue altar of Sif Muna.
  2635 | D:3      | Became a worshipper of Sif Muna the Loreminder
  2806 | D:3      | Reached XP level 5. HP: 38/38 MP: 3/9
  3005 | D:3      | Found a faded altar of an unknown god.
  3232 | D:3      | Reached skill level 1 in Translocations
  3364 | D:3      | Reached * piety under Sif Muna
  3628 | D:4      | Reached XP level 6. HP: 13/45 MP: 1/11
  3928 | D:4      | Found a burning altar of Makhleb.
  4376 | D:4      | Found a sacrificial altar of Ru.
  4534 | D:4      | Reached skill level 6 in Conjurations
  4635 | D:4      | Found a snail-covered altar of Cheibriados.
  4640 | D:4      | Found a sparkling altar of Nemelex Xobeh.
  4781 | D:5      | Entered Level 5 of the Dungeon
  4898 | D:5      | Your scales start taking on a glossy black colour.
  4898 | D:5      | Reached XP level 7. HP: 51/51 MP: 1/13
  4898 | D:5      | Gained mutation: You are resistant to electric shocks.
                  | (rElec) [Black Draconian growth]
  5018 | D:5      | Reached skill level 1 in Maces & Flails
  5449 | D:5      | Reached skill level 5 in Spellcasting
  5536 | D:5      | Found a staircase to the Ecumenical Temple.
  5650 | D:5      | Reached ** piety under Sif Muna
  5819 | D:5      | Reached XP level 8. HP: 50/58 MP: 10/16
  5861 | D:5      | Reached skill level 1 in Fighting
  6038 | D:5      | Found an opulent altar of Gozag.
  6525 | D:6      | Reached skill level 7 in Conjurations
  6605 | D:6      | Found a basalt altar of Yredelemnul.
  7274 | D:6      | Reached *** piety under Sif Muna
  7480 | D:6      | Reached XP level 9. HP: 67/67 MP: 11/18
  7852 | D:6      | Found a blossoming altar of Fedhas.
  8013 | D:6      | Found a glowing silver altar of Zin.
  8347 | D:7      | Found a transporter.
  8351 | D:7      | Found a transporter.
  8362 | D:7      | Found a broken altar of Ashenzari.
  8392 | D:7      | Reached skill level 8 in Conjurations
  9156 | D:7      | HP: 3/68 [killer bee (4)]
  9160 | D:7      | Succumbed to a killer bee's poison

Illustrated notes

Levels and vault maps discovered:
D:1:      minmay_arrival_nine_rooms, layout_loops_corners, amethyst_killhole
D:2:      layout_basic, overflow_temple_1_default
D:3:      layout_basic, zin_statuary, led_sif_book,
          chequers_ecumenical_altar_simple_redux
D:4:      layout_gridville, old_standard_altar, minitemple, dk_vineyard_2,
          nicolae_ru_the_path_less_chosen
D:5:      layout_basic, minmay_temple_entry_mist, basic_altar
D:6:      layout_basic, lemuel_doored_altar, fedhas_altar_4, basic_altar
D:7:      layout_rooms, nicolae_overflow_crystal_walls,
          gammafunk_temple_overflow_arena,
          nicolae_gozag_cash_rules_everything_around_me,
          okawaru_altar_gauntlet_db, uniq_prince_ribbit1

Skill      XL: |  1  2  3  4  5  6  7  8  9 |
---------------+----------------------------+-----
Stealth        | 2 3 |  3.3
Conjurations   | 5 6 7 8 |  8.6
Dodging        | 2 3 4 |  4.4
Spellcasting   | 3 4 5 6 7 |  7.2
Translocations | 1 2 3 |  3.0
Maces & Flails | 1 2 |  2.3
Fighting       | 2 |  2.4

Action                   |  1- 3 |  4- 6 |  7- 9 || total
-------------------------+-------+-------+-------++-------
Melee: Club              |    26 |    27 |    36 ||    89
       Tailslap          |       |     4 |     2 ||     6
       Dire flail        |       |       |     8 ||     8
 Cast: Magic Dart        |    53 |    92 |   133 ||   278
       Searing Ray       |     9 |    10 |    38 ||    57
       Iskenderun's Myst |       |       |     1 ||     1
 Abil: Breathe Lightning |       |       |     8 ||     8
  Use: Scroll            |     6 |    11 |     4 ||    21
       Potion            |       |     2 |     2 ||     4
Armor: Skin              |     6 |    17 |    50 ||    73
Dodge: Dodged            |    29 |    34 |   133 ||   196

Table legend: (Time is in decaauts)
 A = Elapsed time spent in this place.
 B = Non-inter-level travel time spent in this place.
 C = Inter-level travel time spent in this place.
 D = Time resting spent in this place.
 E = Time spent auto-exploring this place.
 F = Levels seen in this place.
 G = Mean time per level.
                   A        B        C        D        E       F      G
               +--------+--------+--------+--------+--------+-----+--------+
         Total |   9191 |   9067 |    124 |    822 |   7072 |   7 | 1313.0 |
       Dungeon |   9191 |   9067 |    124 |    822 |   7072 |   7 | 1313.0 |
               +--------+--------+--------+--------+--------+-----+--------+

Top non-repeatable levels by time:
     D:6: 2067 daAuts
     D:3: 1937 daAuts
     D:5: 1615 daAuts
     D:1: 1107 daAuts
     D:4: 940 daAuts
     D:2: 885 daAuts
     D:7: 638 daAuts
